 Dungeon Crawl Stone Soup version 0.28.0 (webtiles) character file.

Game seed: 9433762971227544601

110 Selrock the Sneak (level 5, 0/32 HPs)
             Began as a Kobold Brigand on Feb 11, 2022.
             Slain by Natasha (6 damage)
             ... on level 2 of the Dungeon.
             The game lasted 00:03:46 (1755 turns).

Selrock the Sneak (Kobold Brigand)                  Turns: 1755, Time: 00:03:47

Health: 0/32       AC:  3    Str: 10    XL:     5   Next: 14%
Magic:  5/5        EV: 15    Int: 12    God:
Gold:   41         SH:  0    Dex: 17    Spells: 4/4 levels left

rFire   . . .      SeeInvis .   a - +2 dagger
rCold   . . .      Faith    .   (no shield)
rNeg    . . .      Spirit   .   b - +0 robe
rPois   .          Reflect  .   (no helmet)
rElec   .          Harm     .   c - +0 cloak
rCorr   .          Rampage  .   (no gloves)
Will    .....                   (no boots)
Stlth   ++++......              (no amulet)
HPRegen 0.10/turn               (no ring)
MPRegen 0.09/turn               (no ring)

@: slowed, very slow
A: small, no large weapons, nightstalker 3
a: no special abilities


You were on level 2 of the Dungeon.
You visited 1 branch of the dungeon, and saw 2 of its levels.

You collected 41 gold pieces.

Inventory:

Hand Weapons
 a - a +2 dagger (weapon)
Missiles
 d - 3 poisoned darts
 j - 3 boomerangs (quivered)
Armour
 b - a +0 robe (worn)
 c - a +0 cloak (worn)
Scrolls
 f - a scroll of fear
 g - a scroll of identify
 i - a scroll of noise {unknown}
Potions
 h - 2 potions of might


   Skills:
 + Level 3.1 Fighting
 + Level 3.7 Short Blades
 + Level 3.1 Throwing
 + Level 2.5 Dodging
 + Level 6.0 Stealth


You had 4 spell levels left.
You didn't know any spells.
Your spell library was empty.

Dungeon Overview and Level Annotations

Branches:
Dungeon (2/15)

Altars:

Shops:
D:1 *

Annotations:
D:2 Natasha


Innate Abilities, Weirdness & Mutations

You are small and have problems with some larger weapons.
You are completely attuned to the shadows.


Message History

* * * LOW HITPOINT WARNING * * *
The kobold throws a stone.
The stone misses you.
The helpless goblin fails to defend itself.
You impale the goblin!!
You kill the goblin!
Throw: 8 darts (poison)
Press: ? - help, Q - select action, (/) - cycle Shift-Dir - straight line, f - kobold
Aim: a kobold, wielding a +0 whip and quivering stones (55% to hit)
You throw a poisoned dart.
The poisoned dart barely misses the kobold.
Throw: 7 darts (poison)
Press: ? - help, Q - select action, (/) - cycle Shift-Dir - straight line, f/p - kobold
Aim: a kobold, wielding a +0 whip and quivering stones (55% to hit)
You throw a poisoned dart.
The poisoned dart barely misses the kobold.
Throw: 6 darts (poison)
Press: ? - help, Q - select action, (/) - cycle Shift-Dir - straight line, f/p - kobold
Aim: a kobold, wielding a +0 whip and quivering stones (55% to hit)
You throw a poisoned dart.
The poisoned dart closely misses the kobold.
The kobold throws a stone.
The stone hits you but does no damage.
Throw: 5 darts (poison)
Press: ? - help, Q - select action, (/) - cycle Shift-Dir - straight line, f/p - kobold
Aim: a kobold, wielding a +0 whip and quivering stones (55% to hit)
You throw a poisoned dart. The poisoned dart hits the kobold!
The kobold is poisoned.
Throw: 4 darts (poison)
Press: ? - help, Q - select action, (/) - cycle Shift-Dir - straight line, f/p - kobold
Aim: a kobold, wielding a +0 whip and quivering stones (severely wounded, very poisoned, 55% to hit)
You throw a poisoned dart. The poisoned dart hits the kobold!
The kobold looks as sick as possible!
The kobold is severely wounded.
You kill the kobold!
Your Fighting skill increases to level 3!
d - 4 poisoned darts (gained 1)
Things that are here:
a +0 whip; 27 stones
d - 5 poisoned darts (gained 1)
Things that are here:
a +0 whip; 27 stones
Things that are here:
a +0 dagger; a goblin corpse You start resting.
HP restored.
Things that are here:
a +0 whip; 27 stones
d - 6 poisoned darts (gained 1)
d - 7 poisoned darts (gained 1)
You see here the felid skeleton of Natasha.
d - 8 poisoned darts (gained 1)
A bat is nearby!
You barely miss the bat. The bat hits you.
You barely miss the bat. The bat hits you but does no damage.
The bat hits you but does no damage. The bat completely misses you.
You hit the bat.
The bat is moderately wounded.
The bat misses you. The bat barely misses you.
You hit the bat.
The bat is severely wounded.
The bat closely misses you.
You barely miss the bat.
The bat is severely wounded.
The bat completely misses you. The bat closely misses you.
You barely miss the bat.
The bat is severely wounded.
The bat misses you. The bat closely misses you.
You barely miss the bat.
The bat is severely wounded.
The bat closely misses you. The bat barely misses you.
You hit the bat.
You kill the bat!
Natasha, Servant of Life and Death comes into view.
Throw: 8 darts (poison)
Press: ? - help, Q - select action, (/) - cycle Shift-Dir - straight line, f - Natasha
Aim: Natasha (wandering, hasn't noticed you, 55% to hit)
You throw a poisoned dart.
The poisoned dart closely misses Natasha.
Natasha hisses angrily.
Throw: 7 darts (poison)
Press: ? - help, Q - select action, (/) - cycle Shift-Dir - straight line, f/p - Natasha
Aim: Natasha (55% to hit)
You throw a poisoned dart. The poisoned dart hits Natasha.
Natasha is poisoned.
You closely miss Natasha.
Natasha is lightly wounded.
Natasha drinks a potion.
Natasha is healed!
Natasha looks more healthy.
Throw: 6 darts (poison)
Press: ? - help, Q - select action, (/) - cycle Shift-Dir - straight line, f/p - Natasha
Aim: Natasha (55% to hit)
You throw a poisoned dart.
The poisoned dart barely misses Natasha.
Natasha barely misses you.
Throw: 5 darts (poison)
Press: ? - help, Q - select action, (/) - cycle Shift-Dir - straight line, f/p - Natasha
Aim: Natasha (55% to hit)
You throw a poisoned dart.
The poisoned dart barely misses Natasha.
Natasha claws you.
Throw: 4 darts (poison)
Press: ? - help, Q - select action, (/) - cycle Shift-Dir - straight line, f/p - Natasha
Aim: Natasha (55% to hit)
You throw a poisoned dart.
The poisoned dart barely misses Natasha.
Natasha misses you.
Throw: 3 darts (poison)
Press: ? - help, Q - select action, (/) - cycle Shift-Dir - straight line, f/p - Natasha
Aim: Natasha (55% to hit)
You throw a poisoned dart. The poisoned dart hits Natasha.
Natasha is poisoned.
Natasha closely misses you.
You hit Natasha.
Natasha is lightly wounded.
Natasha misses you.
You closely miss Natasha.
Natasha is lightly wounded.
Natasha barely misses you.
You barely miss Natasha.
Natasha is moderately wounded.
You hit Natasha.
Natasha is moderately wounded.
Natasha wildly gestures.
You feel troubled. Natasha claws you but does no damage.
You hit Natasha.
Natasha is severely wounded.
Natasha claws you!
You barely miss Natasha.
Natasha is almost dead.
You kill Natasha!
Natasha growls in agony!
Your Stealth skill increases to level 6!
You have reached level 5!
You feel agile.
You start resting.
Natasha, Servant of Life and Death comes into view.
Throw: 2 darts (poison)
Press: ? - help, Q - select action, (/) - cycle Shift-Dir - straight line, f - Natasha
Aim: Natasha (55% to hit)
You throw a poisoned dart.
The poisoned dart barely misses Natasha.
Natasha stares at you and mumbles some strange words.
You feel yourself slow down.
Throw: dart (poison)
Press: ? - help, Q - select action, (/) - cycle Shift-Dir - straight line, f/p - Natasha
Aim: Natasha (55% to hit)
You throw a poisoned dart.
The poisoned dart closely misses Natasha.
Natasha casts a spell at you. You resist with some effort.
Things that are here:
a poisoned dart; the felid corpse of Natasha Throw: 2 darts (curare)
Press: ? - help, Q - select action, (/) - cycle Shift-Dir - straight line, f/p - Natasha
Aim: Natasha (55% to hit)
You throw a curare-tipped dart.
The curare-tipped dart barely misses Natasha.
Natasha closely misses you.
Natasha casts a spell.
You see here a poisoned dart.
Throw: dart (curare)
Press: ? - help, Q - select action, (/) - cycle Shift-Dir - straight line, f/p - Natasha
Aim: Natasha (55% to hit)
You throw a curare-tipped dart.
The curare-tipped dart barely misses Natasha.
Natasha claws you. Natasha claws you but does no damage.
Throw: 3 boomerangs
Press: ? - help, Q - select action Shift-Dir - straight line, f/p - Natasha
Aim: Natasha (55% to hit)
You throw a boomerang. The boomerang hits Natasha!
Natasha is heavily wounded.
Natasha closely misses you. Natasha misses you.
Natasha claws you but does no damage.
The crimson imp blinks!
Natasha misses you.
Natasha stares at you and mumbles some strange words.
You feel as though you will be slow longer.
The crimson imp blinks!
Natasha barely misses you. Natasha barely misses you.
The crimson imp hits you but does no damage.
Natasha completely misses you. The crimson imp hits you.
Natasha mumbles some strange words.
The crimson imp laughs crazily.
Natasha barely misses you.
Natasha stares at you and mumbles some strange words.
The magic dart hits you! Natasha barely misses you. Natasha misses you.
You see here 3 poisoned darts.
d - 3 poisoned darts Natasha claws you.
* * * LOW HITPOINT WARNING * * *
Throw: 3 boomerangs
Press: ? - help, Q - select action, (/) - cycle Shift-Dir - straight line, f/p - Natasha
Aim: Natasha (moderately wounded, 55% to hit)
You throw a boomerang. The boomerang closely misses Natasha.
Natasha barely misses you. x2
Natasha mumbles some strange words.
You feel troubled. Natasha claws you.
You die...

##)##.P## #.##..##
####.##.###
#.รท........
#.##.##.### ########
#.##.##.# . #......#
#.##.....
#.####.######.#####.##
####.##.h@.(.(##.....
#.......#.###.##.####
#.##.##.#.###.##.####
# #.##.#.....(.....#
#5......##.##.##.#
...###....##.##... .
.#. #.......#..... #.
#########.###.


You could see Natasha.

Vanquished Creatures
  Natasha (twice) (D:2)
  An adder (D:2)
  A worm (D:2)
  5 dart slugs
  5 bats
  4 endoplasms
  A giant cockroach (D:2)
  3 goblins
  3 hobgoblins (D:1)
  2 jackals (D:1)
  A quokka (D:1)
  2 ball pythons (D:1)
  6 frilled lizards (D:1)
  2 kobolds
  3 rats (D:1)
41 creatures vanquished.

Vanquished Creatures (others)
  4 fungi (D:2)
  5 plants (D:2)
9 creatures vanquished.

Grand Total: 50 creatures vanquished

Notes
Turn   | Place    | Note
-------+----------+-------------------------------------------
     0 | D:1      | Selrock the Kobold Brigand began the quest for the Orb.
     0 | D:1      | Reached XP level 1. HP: 12/12 MP: 1/1
   114 | D:1      | Reached XP level 2. HP: 18/18 MP: 2/2
   531 | D:1      | Reached XP level 3. HP: 22/22 MP: 3/3
   987 | D:1      | Found Bapteomo's Assorted Antiques.
  1291 | D:2      | Reached XP level 4. HP: 27/27 MP: 4/4
  1361 | D:2      | Noticed Natasha
  1376 | D:2      | Killed Natasha
  1672 | D:2      | Noticed Natasha
  1689 | D:2      | Killed Natasha
  1690 | D:2      | Reached skill level 6 in Stealth
  1690 | D:2      | Reached XP level 5. HP: 17/32 MP: 5/5
  1728 | D:2      | Noticed Natasha
  1755 | D:2      | Slain by Natasha

Illustrated notes

Levels and vault maps discovered:
D:1:      dpeg_arrival_fog, layout_loops_ring, serial_shops,
          nicolae_shop_overgrown_old_shop, chequers_serial_rivers_room_a
D:2:      layout_loops_cross, dreamdust_ecumenical_altar_hidden_monk_grotto,
          uniq_natasha

Skill      XL: |  1  2  3  4 |
---------------+-------------+-----
Short Blades   | 3 |  3.7
Dodging        | 2 |  2.5
Throwing       | 3 |  3.1
Fighting       | 3 |  3.1
Stealth        | 6 |  6.0

Action                   |  1- 3 |  4- 6 || total
-------------------------+-------+-------++-------
Melee: Dagger            |    69 |    21 ||    90
       Punch             |     1 |       ||     1
Throw: Dart              |     1 |    17 ||    18
       Boomerang         |       |     2 ||     2
  Use: Scroll            |     2 |       ||     2
 Stab: Sleeping          |    20 |     2 ||    22
Armor: Robe              |    10 |     8 ||    18
Dodge: Dodged            |    41 |    32 ||    73
